 Seeded DCSS version 0.29-a0-360-g8ed1089bbe (webtiles) character file.

Game seed: 3202661867537766148 (custom seed)

12 zeratav the Shooter (level 2, 17/17 HPs)
             Began as a Tengu Hunter on Apr 28, 2022.
             Quit the game on level 1 of the Dungeon.
             The game lasted 00:00:30 (247 turns).

zeratav the Shooter (Tengu Hunter)                   Turns: 247, Time: 00:00:31

Health: 17/17      AC:  3    Str: 11    XL:     2   Next: 33%
Magic:  3/3        EV: 12    Int:  9    God:
Gold:   13         SH:  0    Dex: 17    Spells: 1/1 levels left

rFire   . . .      SeeInvis .   a - +1 shortbow {bow}
rCold   . . .      Faith    .   (shield currently unavailable)
rNeg    . . .      Spirit   .   b - +0 leather armour
rPois   .          Reflect  .   (helmet restricted)
rElec   .          Harm     .   (no cloak)
rCorr   .          Rampage  .   (no gloves)
Will    .....                   (boots unavailable)
Stlth   ++........              (no amulet)
HPRegen 0.05/turn               (no ring)
MPRegen 0.08/turn               (no ring)

@: no status effects
A: beak, talons 3
a: no special abilities


You were on level 1 of the Dungeon.
You visited 1 branch of the dungeon, and saw 1 of its levels.

You collected 13 gold pieces.


Innate Abilities, Weirdness & Mutations

You have a beak for a mouth.
You have claws for feet.


   Skills:
 - Level 2.0 Fighting
 + Level 5.0 Bows
 - Level 2.1 Dodging
 - Level 1.0 Stealth


You had one spell level left.
You didn't know any spells.
Your spell library was empty.

Inventory:

Hand Weapons
 a - a +1 shortbow (weapon) {bow}
Armour
 b - a +0 leather armour (worn)
Scrolls
 c - a scroll of immolation {!r!r}
 d - a scroll of identify {unknown}
 e - a scroll of teleportation {unknown}
 f - a scroll of acquirement
Potions
 g - 3 potions of might {unknown}

Dungeon Overview and Level Annotations

Branches:
Dungeon (1/15)

Altars:

#.............######
.#.###.###.#.#.#.#.#
...........#.#.#.#.#
.......#...#.#.#.#.#
..###..#.###.#.#.#.#
. #..#.......#.#.#
#..#####...#.#.#
.... +...'.#.# #####
#...#@#+#
.......#####....†..
######. ....... #.
....... .. .......
#. ....... #.
....... #. #####+#


There were no monsters in sight!


Message History

🤖 Initializing magus.rc ...
Bad channel name for runrest: 'pray:' ✅ Successfully initialized magus.rc [v1.9.6] Welcome, zeratav the Tengu Hunter.
Game seed: 3202661867537766148 (custom seed) Press ? for a list of commands and other information.
Found 13 gold pieces.
Found a staircase leading out of the dungeon.
Found an escape hatch in the floor.
You now have 13 gold pieces.
There is an escape hatch in the floor here.
d - a scroll labelled OFRI XUTUOLIDO A giant cockroach comes into view.
You shoot an arrow. The arrow hits the giant cockroach!
You kill the giant cockroach!
No target in view!
No target in view!
A goblin comes into view. It is wielding a +0 club.
You see here a scroll labelled REBUOL KEMEE.
A goblin is nearby!
You shoot an arrow. The arrow hits the goblin.
You shoot an arrow. The arrow hits the goblin.
You shoot an arrow.
The arrow hits the goblin but does no damage.
You shoot an arrow. The arrow hits the goblin.
You kill the goblin!
No target in view!
e - a scroll labelled REBUOL KEMEE You see here a +0 short sword {short}.
An endoplasm comes into view.
You shoot an arrow.
The arrow hits the endoplasm but does no damage.
The endoplasm closely misses you.
You shoot an arrow. The arrow hits the endoplasm!
You kill the endoplasm!
Found a stone staircase leading down.
You open the door.
There is an open door here.
f - a scroll labelled AMOTIU KURUYMP A hobgoblin comes into view.
Found a stone staircase leading down.
You shoot an arrow. The arrow hits the hobgoblin!
You kill the hobgoblin!
No target in view!
No target in view!
A jackal comes into view.
You shoot an arrow. The arrow hits the jackal.
The jackal barks!
You hear a bark!
A jackal comes into view.
You hear an angry hiss.
You shoot an arrow. The arrow hits the jackal.
You shoot an arrow. The arrow hits the jackal!
You kill the jackal!
A jackal comes into view.
You have reached level 2!
HP[+5] MP[+1]
You now have 17 max hp (+5).
Your hp is fully restored (17).
Your mp is fully restored (3).
You shoot an arrow. The arrow barely misses the jackal.
The jackal barks!
The jackal bites you but does no damage.
You shoot an arrow. The arrow hits the jackal.
You kill the jackal!
You shoot an arrow. The arrow barely misses the jackal.
The jackal closely misses you. The jackal completely misses you.
You shoot an arrow. The arrow hits the jackal!
You kill the jackal!
No target in view!
No target in view!
A bat comes into view.
The bat moves out of view.
A bat is nearby!
You shoot an arrow. The arrow hits the bat.
You kill the bat!
Your Bows skill increases to level 5!
No target in view!
No target in view!
A frilled lizard comes into view.
You shoot an arrow. The frilled lizard hisses angrily.
The arrow hits the frilled lizard!
You kill the frilled lizard!
No target in view!
No target in view!
g - a fuming coppery potion
g - 3 fuming coppery potions (gained 2)
You open the door.
There is an open door here.
A hobgoblin comes into view.
A hobgoblin is nearby!
You shoot an arrow. The arrow hits the hobgoblin!
You kill the hobgoblin!
No target in view!
No target in view!
This is a scroll of acquirement!
Are you sure you want to abandon this character and quit the game? (Confirm with "yes".)

Skill      XL: |  1  2 |
---------------+-------+-----
Bows           | 5 |  5.0
Fighting       | |  2.0
Dodging        | |  2.1
Stealth        | |  1.0

Action                   || total
-------------------------++-------
 Fire: Shortbow          ||    18
Armor: Leather armour    ||     1
Dodge: Dodged            ||     3

Levels and vault maps discovered:
D:1:      minmay_arrival_jagged, layout_basic, minmay_tetromino_i2

Notes
Turn   | Place    | Note
-------+----------+-------------------------------------------
     0 | D:1      | zeratav the Tengu Hunter began the quest for the Orb.
     0 | D:1      | Reached XP level 1. HP: 12/12 MP: 2/2
     0 | D:1      | magus.rc [v1.9.6]
   172 | D:1      | Reached XP level 2. HP: 17/17 MP: 3/3
   179 | D:1      | Reached skill level 5 in Bows
   247 | D:1      | Identified a scroll of acquirement
   247 | D:1      | Quit the game

Vanquished Creatures
  An endoplasm (D:1)
  A giant cockroach (D:1)
  A goblin (D:1)
  2 hobgoblins (D:1)
  3 jackals (D:1)
  A bat (D:1)
  A frilled lizard (D:1)
10 creatures vanquished.

Table legend:
 A = Non-vault XP
 B = Vault XP
 C = Vault XP percentage of total XP
 D = Non-vault monster count
 E = Vault monster count
 F = Vault count percentage of total count
                 A         B        C        D         E       F
            +---------+---------+-------+---------+---------+-------
      Total |      16 |       2 |  11.1 |       8 |       2 |  20.0
            +---------+---------+-------+---------+---------+-------
        D:1 |      16 |       2 |  11.1 |       8 |       2 |  20.0
            +---------+---------+-------+---------+---------+-------

Illustrated notes

Table legend:
 A = Kills in this place as a percentage of kills in entire the game.
 B = Kills by you in this place as a percentage of kills by you in the entire game.
 C = Kills by friends in this place as a percentage of kills by friends in the entire game.
 D = Other kills in this place as a percentage of other kills in the entire game.
 E = Experience gained in this place as a percentage of experience gained in the entire game.
 F = Experience gained in this place divided by the number of levels of this place that you have seen.
                   A       B       C       D       E      F
               +-------+-------+-------+-------+-------+----------------------
         Total | 100.0 | 100.0 |   N/A |   N/A | 100.0 |  18.0
       Dungeon | 100.0 | 100.0 |   N/A |   N/A | 100.0 |  18.0
               +-------+-------+-------+-------+-------+----------------------

Table legend: (Time is in decaauts)
 A = Elapsed time spent in this place.
 B = Non-inter-level travel time spent in this place.
 C = Inter-level travel time spent in this place.
 D = Time resting spent in this place.
 E = Time spent auto-exploring this place.
 F = Levels seen in this place.
 G = Mean time per level.
                   A        B        C        D        E       F      G
               +--------+--------+--------+--------+--------+-----+--------+
         Total |    252 |    224 |     28 |      0 |    186 |   1 |  252.0 |
       Dungeon |    252 |    224 |     28 |      0 |    186 |   1 |  252.0 |
               +--------+--------+--------+--------+--------+-----+--------+

Top non-repeatable levels by time:
     D:1: 252 daAuts
